 Dungeon Crawl Stone Soup version 0.30-a0-142-g7370640ec8 (webtiles) character file.

Game seed: 13420943145289356414

483 Julmuri the Twirler (level 7, 0/41 HPs)
             Began as a Gargoyle Gladiator on Sept 26, 2022.
             Slain by an ogre
             ... wielding a +0 giant club
              (7 damage)
             ... on level 5 of the Dungeon.
             The game lasted 00:14:11 (4695 turns).

Julmuri the Twirler (Gargoyle Gladiator)            Turns: 4695, Time: 00:14:11

Health: 0/41       AC: 17    Str: 26    XL:     7   Next: 12%
Magic:  7/7        EV:  8    Int:  8    God:
Gold:   211        SH:  0    Dex: 11    Spells: 6/6 levels left

rFire   . . .      SeeInvis .    a - +0 quarterstaff
rCold   . . .      Faith    .    (shield currently unavailable)
rNeg    + . .      Spirit   .    s - +0 plate armour
rPois   ∞          Reflect  .    c - +0 helmet
rElec   +          Harm     .    (no cloak)
rCorr   .          Rampage  .    (no gloves)
Will    .....                    (no boots)
Stlth   ..........               e - amulet of magic regeneration
HPRegen 0.13/turn                t - +6 ring of strength
MPRegen 0.50/turn                (no ring)

@: no status effects
A: sickness immunity, AC +4, negative energy resistance 1, electricity
resistance, torment resistance 1, petrification resistance
a: no special abilities


You were on level 5 of the Dungeon.
You visited 1 branch of the dungeon, and saw 5 of its levels.

You collected 211 gold pieces.

Inventory:

Hand Weapons
 a - a +0 quarterstaff (weapon)
Missiles
 d - 3 throwing nets (quivered)
 q - 6 atropa-tipped darts
 A - 3 silver javelins
Armour
 b - a +0 leather armour
 c - a +0 helmet (worn)
 s - a +0 plate armour (worn)
Jewellery
 e - an amulet of magic regeneration (around neck)
 i - a ring of fire
 t - a +6 ring of strength (left hand)
Scrolls
 f - a scroll of magic mapping {unknown}
 k - 3 scrolls of teleportation {unknown}
 l - 4 scrolls of identify {unknown}
 n - a scroll of silence {unknown}
 o - a scroll of noise {unknown}
 u - a scroll of amnesia {unknown}
 v - a scroll of enchant weapon {unknown}
 w - 2 scrolls of vulnerability {unknown}
 y - a scroll of immolation {unknown}
 z - a scroll of brand weapon {unknown}
Potions
 g - a potion of flight
 h - a potion of ambrosia {unknown}
 j - 2 potions of resistance
 m - a potion of berserk rage {unknown}
 p - 2 potions of heal wounds {unknown}
 r - a potion of degeneration {unknown}
 x - 2 potions of attraction {unknown}


   Skills:
 + Level 3.2 Fighting
 + Level 6.1 Staves
 + Level 1.9 Throwing
 + Level 3.5 Armour
 + Level 2.8 Dodging
 + Level 1.3 Stealth


You had 6 spell levels left.
You didn't know any spells.
Your spell library contained the following spells:

 Spells                   Type           Power      Damage    Failure   Level
 Ensorcelled Hibernation  Hex/Ice        0%         N/A       100%        2
 Passwall                 Tmut/Erth      0%         N/A       100%        2
 Swiftness                Air            0%         N/A       100%        3


Dungeon Overview and Level Annotations

Branches:
Dungeon (5/15)
 Temple: D:4-7

Altars:
Cheibriados


Innate Abilities, Weirdness & Mutations

You are immune to sickness and miasma.
Your stone body is resilient. (AC +4)
You are immune to poison.
You resist negative energy. (rN+)
You are resistant to electric shocks. (rElec)
You are resistant to unholy torment.
You are immune to petrification.


Message History

There is a stone staircase leading up here.
z - a scroll labelled YRUZYS KI DOBB
Found a stone staircase leading up.
A - 3 silver javelins An adder comes into view.
The adder hisses angrily.
Found a stone staircase leading down.
You closely miss the adder. The adder barely misses you.
You hit the adder.
The adder is moderately wounded.
The adder bites you but does no damage.
You closely miss the adder.
The adder is moderately wounded.
The adder bites you. The adder bites you but does no damage.
You barely miss the adder.
The adder is moderately wounded.
The adder barely misses you.
You miss the adder.
The adder is moderately wounded.
The adder barely misses you.
You miss the adder.
The adder is moderately wounded.
The adder bites you but does no damage. The adder barely misses you.
You sock the adder!
You kill the adder!
You see here an adder corpse.
An ogre comes into view. It is wielding a +0 giant club.
You sock the ogre!
The ogre is moderately wounded.
The ogre hits you with a +0 giant club!
You barely miss the ogre.
The ogre is moderately wounded.
You barely miss the ogre.
The ogre is moderately wounded.
The ogre hits you with a +0 giant club!!
* * * LOW HITPOINT WARNING * * *
You thump the ogre!
The ogre is severely wounded.
The ogre hits you with a +0 giant club!
You die...

#.. #.#####.# #..
#.# #.# .## #. #.#
#.# ...# ..
##.#####.. ##..#.
######.........
......
........####..# ...#
######.........
####.### ##..###.##.
#....O@#
##..####.##.
#..##^..#
###...###..#..
#.>.###.............
#...#.....#####.##..
########...†..##.#
#.....
............####.#
#..... ########...##
#.# ###..... #...#
#.###...<... #...#
#.....##....


You could see an ogre.

Vanquished Creatures
  Grinder (D:5)
  A scorpion (D:4)
  A jelly (D:4)
  7 adders
  3 gnolls (D:3)
  4 worms
  4 dart slugs
  8 orcs
  10 ball pythons
  6 endoplasms
  3 giant cockroaches
  8 hobgoblins
  3 jackals (D:1)
  8 quokkas
  A bat (D:3)
  5 frilled lizards
  9 goblins
  6 kobolds
  7 rats
95 creatures vanquished.

Vanquished Creatures (others)
  2 plants (D:3)
2 creatures vanquished.

Grand Total: 97 creatures vanquished

Notes
Turn   | Place    | Note
-------+----------+-------------------------------------------
     0 | D:1      | Julmuri the Gargoyle Gladiator began the quest for the Orb.
     0 | D:1      | Reached XP level 1. HP: 12/12 MP: 1/1
    62 | D:1      | Reached XP level 2. HP: 16/17 MP: 2/2
   635 | D:1      | Reached XP level 3. HP: 20/22 MP: 3/3
   952 | D:2      | Reached skill level 1 in Armour
  1312 | D:2      | Reached XP level 4. HP: 24/27 MP: 4/4
  1543 | D:2      | Reached skill level 4 in Staves
  1977 | D:3      | Reached XP level 5. HP: 11/31 MP: 5/5
  2190 | D:3      | Found a faded altar of an unknown god.
  3069 | D:4      | Reached skill level 5 in Staves
  3260 | D:4      | Found a snail-covered altar of Cheibriados.
  3331 | D:4      | HP: 1/31 [orc priest/divine providence (14)]
  3937 | D:4      | Reached skill level 1 in Stealth
  3937 | D:4      | Reached XP level 6. HP: 19/36 MP: 6/6
  4280 | D:5      | Entered Level 5 of the Dungeon
  4286 | D:5      | Noticed Grinder
  4288 | D:5      | Paralysed by Grinder for 5 turns
  4310 | D:5      | Killed Grinder
  4311 | D:5      | Reached skill level 6 in Staves
  4311 | D:5      | Reached XP level 7. HP: 13/41 MP: 7/7
  4695 | D:5      | Slain by an ogre

Illustrated notes

Levels and vault maps discovered:
D:1:      matt_arrival_diagonals, layout_basic, minivault_27
D:2:      layout_loops_ring
D:3:      layout_loops_cross, chequers_ecumenical_altar_lobes,
          portal_sewer_entry_b, nicolae_eternal_life
D:4:      layout_cave_pods, lemuel_crystal_altar, minmay_misc_feat_secret_circle
D:5:      layout_rooms, uniq_pikel, uniq_duvessa, uniq_grinder

Skill      XL: |  1  2  3  4  5  6 |
---------------+-------------------+-----
Armour         | 1 2 3 |  3.5
Staves         | 4 5 6 |  6.1
Stealth        | 1 |  1.3
Fighting       | 3 |  3.2
Throwing       | |  1.9
Dodging        | |  2.8

Action                   |  1- 3 |  4- 6 |  7- 9 || total
-------------------------+-------+-------+-------++-------
Melee: Quarterstaff      |    98 |   223 |    14 ||   335
Throw: Throwing net      |     1 |       |       ||     1
  Use: Potion            |       |     4 |       ||     4
Armor: Leather armour    |    43 |     1 |       ||    44
       Plate armour      |       |   129 |     4 ||   133
Dodge: Dodged            |    57 |    61 |     5 ||   123

Table legend: (Time is in decaauts)
 A = Elapsed time spent in this place.
 B = Non-inter-level travel time spent in this place.
 C = Inter-level travel time spent in this place.
 D = Time resting spent in this place.
 E = Time spent auto-exploring this place.
 F = Levels seen in this place.
 G = Mean time per level.
                   A        B        C        D        E       F      G
               +--------+--------+--------+--------+--------+-----+--------+
         Total |   4723 |   4605 |    118 |    615 |   2910 |   5 |  944.6 |
       Dungeon |   4723 |   4605 |    118 |    615 |   2910 |   5 |  944.6 |
               +--------+--------+--------+--------+--------+-----+--------+

Top non-repeatable levels by time:
     D:3: 1310 daAuts
     D:4: 1199 daAuts
     D:1: 951 daAuts
     D:2: 847 daAuts
     D:5: 414 daAuts
